 Dungeon Crawl Stone Soup version 0.28-a0-612-gcfc00ec14d (webtiles) character file.

Game seed: 16914150852977703683

5 spiderkeys the Ducker (level 1, -7/13 HPs)
             Began as a Deep Elf Abyssal Knight on Oct 5, 2021.
             Was a Follower of Lugonu.
             Killed from afar by a white imp (8 damage)
             ... with a puff of frost
             ... on level 1 of the Abyss.
             The game lasted 00:01:21 (410 turns).

spiderkeys the Ducker (Deep Elf Abyssal Knight)      Turns: 410, Time: 00:01:21

Health: -7/13      AC:  3    Str: 10    XL:     1   Next: 66%
Magic:  4/4        EV: 12    Int: 14    God:    Lugonu [*.....]
Gold:   0          SH:  0    Dex: 15    Spells: 1/1 levels left

rFire   . . .      SeeInvis .   a - +1 short sword
rCold   . . .      Faith    .   (no shield)
rNeg    . . .      Spirit   .   b - +0 leather armour
rPois   .          Reflect  .   (no helmet)
rElec   .          Harm     .   (no cloak)
rCorr   .          Rampage  .   (no gloves)
Will    .....                   (no boots)
Stlth   +.........              (no amulet)
HPRegen 0.04/turn               (no ring)
MPRegen 0.09/turn               (no ring)

@: no status effects
A: no striking features
a: Renounce Religion, Depart the Abyss


You were on level 1 of the Abyss.
You worshipped Lugonu.
Lugonu was aware of your devotion.
You visited 0 branches of the dungeon, and saw 0 of its levels.
You visited the Abyss 1 time.


   Skills:
 + Level 2.5 Fighting
 - Level 2.0 Short Blades
 - Level 0.7 Armour
 + Level 2.6 Dodging
 + Level 0.6 Spellcasting
 + Level 2.1 Invocations


You had one spell level left.
You didn't know any spells.
Your spell library was empty.

Inventory:

Hand Weapons
 a - a +1 short sword (weapon)
Armour
 b - a +0 leather armour (worn)

Dungeon Overview and Level Annotations

Branches:
Dungeon (0/15)

Altars:

.# .# ## ## .##. .
#..#.#. # ..
.......#.###..# #
.##.....#.... .
#.....5...# ... #
≈ #@..#..# #.####
# ≈♣♣ #..## #.
.#..#.# .. ≈≈≈#..#
..# #.## .#
#.≈≈≈≈...#####...#
# # ....≈≈≈≈....
..#.##.. . #
##≈≈♣≈≈....#.#.. .
##.#≈≈≈≈.#..#.. .
...
..###≈≈≈≈.#.#...
### ..
..#..≈≈≈###..##


You could see a white imp.


Message History

🤖 Initializing magus.rc ...
Options error: Delay interrupt name "hungry" not recognised. (~/.crawlrc:4988) ✅ Successfully initialized magus.rc [v1.9.10] Welcome, spiderkeys the Deep Elf Abyssal Knight.
Will you be the one to retrieve the fabled Orb of Zot from the depths?
Lugonu says: Depart the Abyss and spread corruption, my servant! (use the ability menu to exit the Abyss) Press ? for a list of commands and other information.
Found a corrupted altar of Lugonu.
There is a corrupted altar of Lugonu here.
A starcursed mass assembles itself!
A starcursed mass is nearby!
An ufetubus assembles itself!
The ufetubus shouts!
You miss the ufetubus. The ufetubus barely misses you. The ufetubus hits you.
The ufetubus barely misses you.
The ufetubus closely misses you. 😕 HP[-2]
You take 2 damage, and now have 11/13 hp.
You closely miss the ufetubus. The ufetubus barely misses you.
The ufetubus misses you.
You miss the ufetubus. The ufetubus barely misses you.
The ufetubus closely misses you. The ufetubus hits you. x2 😮 HP[-4]
You take 4 damage, and now have 7/13 hp.
MASSIVE DAMAGE!! (PAUSE)
You are too injured to fight recklessly!
You are too injured to fight recklessly!
You miss the ufetubus. The ufetubus closely misses you.
The ufetubus hits you but does no damage.
You hit the ufetubus. The ufetubus barely misses you. The ufetubus hits you.
* * * LOW HITPOINT WARNING * * *
The ufetubus hits you.
* * * LOW HITPOINT WARNING * * *
The ufetubus hits you.
* * * LOW HITPOINT WARNING * * *
😱 HP[-5]
You take 5 damage, and now have 2/13 hp.
MASSIVE DAMAGE!! (PAUSE)
You hit the ufetubus.
You kill the ufetubus!
You start resting. 😎 HP[+11]
Your hp is fully restored (13).
A spatial vortex comes into view.
You see here a +0 dagger.
A large abomination emerges from the beyond.
A white imp comes into view.
The white imp shouts!
You barely miss the white imp. The white imp gestures at you.
The puff of frost hits you. 😮 HP[-6]
You take 6 damage, and now have 7/13 hp.
MASSIVE DAMAGE!! (PAUSE)
You barely miss the white imp. You closely miss the white imp.
The white imp hits you but does no damage.
You hit the white imp.
The white imp hits you but does no damage.
You hit the white imp.
The white imp hits you but does no damage.
You closely miss the white imp. The white imp barely misses you.
You hit the white imp. The white imp misses you.
You hit the white imp but do no damage. The white imp hits you.
* * * LOW HITPOINT WARNING * * *
The white imp freezes you.
* * * LOW HITPOINT WARNING * * *
😱 HP[-6]
You take 6 damage, and now have 1/13 hp.
MASSIVE DAMAGE!! (PAUSE)
You hit the white imp. The white imp gestures at you.
The puff of frost hits you!
Ouch! That really hurt!
You die...

Action                   || total
-------------------------++-------
Melee: Short sword       ||    15
Armor: Leather armour    ||     4
Dodge: Dodged            ||    11

Levels and vault maps discovered:
Abyss:1:  base: Temple, base:
Temple

Notes
Turn   | Place    | Note
-------+----------+-------------------------------------------
     0 | Abyss:1  | spiderkeys the Deep Elf Abyssal Knight began the quest for
                  | the Orb.
     0 | Abyss:1  | Reached XP level 1. HP: 13/13 MP: 4/4
     0 | Abyss:1  | magus.rc [v1.9.10]
     5 | Abyss:1  | Noticed a starcursed mass
    87 | Abyss:1  | HP: 3/13 [ufetubus (1)]
   354 | Abyss:1  | Noticed a spatial vortex
   375 | Abyss:1  | Noticed a large abomination
   409 | Abyss:1  | HP: 1/13 [white imp (5)]
   410 | Abyss:1  | Killed from afar by a white imp

Vanquished Creatures
  An ufetubus (Abyss:1)
1 creature vanquished.

Table legend:
 A = Non-vault XP
 B = Vault XP
 C = Vault XP percentage of total XP
 D = Non-vault monster count
 E = Vault monster count
 F = Vault count percentage of total count
                 A         B        C        D         E       F
            +---------+---------+-------+---------+---------+-------
      Total |       8 |       0 |   0.0 |       1 |       0 |   0.0
            +---------+---------+-------+---------+---------+-------
    Abyss:1 |       8 |       0 |   0.0 |       1 |       0 |   0.0
            +---------+---------+-------+---------+---------+-------

Illustrated notes

Table legend:
 A = Kills in this place as a percentage of kills in entire the game.
 B = Kills by you in this place as a percentage of kills by you in the entire game.
 C = Kills by friends in this place as a percentage of kills by friends in the entire game.
 D = Other kills in this place as a percentage of other kills in the entire game.
 E = Experience gained in this place as a percentage of experience gained in the entire game.
 F = Experience gained in this place divided by the number of levels of this place that you have seen.
                   A       B       C       D       E      F
               +-------+-------+-------+-------+-------+----------------------
         Total | 100.0 | 100.0 |   N/A |   N/A | 100.0 |   8.0
         Abyss | 100.0 | 100.0 |   N/A |   N/A | 100.0 |   8.0
               +-------+-------+-------+-------+-------+----------------------

Table legend: (Time is in decaauts)
 A = Elapsed time spent in this place.
 B = Non-inter-level travel time spent in this place.
 C = Inter-level travel time spent in this place.
 D = Time resting spent in this place.
 E = Time spent auto-exploring this place.
 F = Levels seen in this place.
 G = Mean time per level.
                   A        B        C        D        E       F      G
               +--------+--------+--------+--------+--------+-----+--------+
         Total |    410 |    410 |      0 |    260 |     51 |   1 |  410.0 |
         Abyss |    410 |    410 |      0 |    260 |     51 |   1 |  410.0 |
               +--------+--------+--------+--------+--------+-----+--------+

Top non-repeatable levels by time:
 Abyss:1: 410 daAuts
